[Event "Sunday 28 January 2nd Tiur 7+2 Rounds 9 Starts 2200 ST"]
[Site "Infinity Chess"]
[Date "2018.1.28"]
[Round "3"]
[White "Eman"]
[Black "ludimilojko"]
[Result "1/2-1/2"]
[ECO "D11"]
[WhiteElo "2485"]
[BlackElo "2367"]
[WhiteEngine "Eman 1.68c 64-bit POPCNT"]
[BlackEngine "corchess_x64_CTG"]
[EventType "Swiss"]
[WhiteTeam ""]
[BlackTeam ""]
[PlyCount "157"]
[TimeControl "420+2"]

1. d4 d5 2. c4 c6 3. Nf3 Nf6 4. g3 Bf5 5. Nc3 e6 6. Nh4 dxc4 7. Nxf5 exf5 
8. e3 Nbd7 9. Bxc4 Nb6 10. Bb3 Be7 11. O-O O-O 12. f3 Qd7 13. a4 Rad8 
14. Qe2 Bb4 15. a5 Nbd5 16. Nxd5 cxd5 17. Bd2 Qd6 18. Kf2 g6 19. Rfc1 Kg7 
20. Bxb4 Qxb4 21. Rc3 h5 22. h4 Rc8 23. Qe1 Ra8 24. Ra3 Qd6 25. Ba4 Rfb8 
26. Qc1 b5 27. axb6 Rxb6 28. Rab3 Qd8 29. Rb5 Rab8 30. Rxb6 axb6 31. Bc6 Ng8 
32. Qa1 Ne7 33. Qa7 b5 34. Bd7 Ra8 35. Qc7 Qxc7 36. Rxc7 Ra2 37. Bxb5 Rxb2+ 
38. Be2 Ng8 39. Rd7 Nf6 40. Rd8 Ra2 41. Rd6 Rc2 42. Rb6 Nd7 43. Rb7 Nf6 
44. Rb8 Ra2 45. Rc8 Rb2 46. Ke1 Kh6 47. Bd3 Rg2 48. Rc7 Kg7 49. Bf1 Ra2 
50. Rc5 Rb2 51. Rc8 Nd7 52. Bd3 Rg2 53. Rc7 Nf6 54. Bf1 Ra2 55. Be2 Rb2 
56. Rc6 Ne8 57. Kf2 Nf6 58. Ke1 Ne8 59. Kf2 Ra2 60. Kf1 Ra3 61. Rc5 Rxe3 
62. Kf2 Ra3 63. Rxd5 Kf6 64. Bc4 Rc3 65. Be2 Ra3 66. Bc4 Rc3 67. Be2 Nc7 
68. Rc5 Rxc5 69. dxc5 Ne6 70. c6 Ke7 71. f4 Kd6 72. Bf3 Kc7 73. Bg2 f6 
74. Bd5 Nd8 75. Kg2 Nxc6 76. Kf2 Ne7 77. Bf7 Kc6 78. Ke2 Kd7 79. Kf3 1/2-1/2

[Event "Sunday 28 January 2nd Tiur 7+2 Rounds 9 Starts 2200 ST"]
[Site "Infinity Chess"]
[Date "2018.1.28"]
[Round "3"]
[White "SkyPilot"]
[Black "Tiger"]
[Result "1/2-1/2"]
[ECO "C55"]
[WhiteElo "2471"]
[BlackElo "2440"]
[WhiteEngine "stockfish_x64_bmi2_2018_01_13_CTG"]
[BlackEngine "BrainFish_180124_x64_bmi2"]
[EventType "Swiss"]
[WhiteTeam ""]
[BlackTeam ""]
[PlyCount "121"]
[TimeControl "420+2"]

1. e4 e5 2. Nf3 Nc6 3. Bc4 Nf6 4. d3 Bc5 5. O-O a5 6. c3 d6 7. Re1 O-O 
8. Nbd2 Be6 9. Bb5 Ne7 10. d4 Ba7 11. Nf1 exd4 12. Nxd4 Ng6 13. Ba4 h6 
14. Nxe6 fxe6 15. Be3 Bxe3 16. Nxe3 Kh8 17. Bb3 Qd7 18. Bc2 a4 19. Rb1 Qc6 
20. a3 Nf4 21. f3 e5 22. g3 Ne6 23. Qe2 Nc5 24. Rbd1 g6 25. Rf1 Rae8 26. Rd2 Kg7 
27. Bb1 Qa6 28. Qg2 Qb6 29. Qe2 Qa6 30. Qxa6 Nxa6 31. Bd3 Rb8 32. Bb5 Nc5 
33. Kg2 Kf7 34. h4 h5 35. Bc4+ Ke8 36. Nd5 c6 37. Nxf6+ Rxf6 38. f4 Rd8 
39. fxe5 Rxf1 40. Bxf1 dxe5 41. Rxd8+ Kxd8 42. Be2 Ke8 43. Kf3 Kf7 44. Ke3 Kg7 
45. g4 g5 46. gxh5 gxh4 47. Kf3 h3 48. Kg3 h2 49. Bf3 Kf6 50. Kxh2 Kg5 
51. Kh3 Nd3 52. Kg3 Nxb2 53. Be2 b5 54. Kh3 Nc4 55. h6 Kxh6 56. Bxc4 bxc4 
57. Kg4 Kg6 58. Kh4 Kh6 59. Kg4 Kg6 60. Kh4 Kh6 61. Kg4 1/2-1/2

[Event "Sunday 28 January 2nd Tiur 7+2 Rounds 9 Starts 2200 ST"]
[Site "Infinity Chess"]
[Date "2018.1.28"]
[Round "3"]
[White "Dovahkiin"]
[Black "star99"]
[Result "1/2-1/2"]
[ECO "C55"]
[WhiteElo "2449"]
[BlackElo "2458"]
[WhiteEngine "BrainFish_180113_x64_modern_CTG"]
[BlackEngine "Cryptic AIL V2"]
[EventType "Swiss"]
[WhiteTeam ""]
[BlackTeam ""]
[PlyCount "112"]
[TimeControl "420+2"]

1. e4 e5 2. Nf3 Nc6 3. Bc4 Nf6 4. d3 Bc5 5. O-O d6 6. c3 O-O 7. Re1 a6 8. a4 h6 
9. h3 Ba7 10. Nbd2 Nh5 11. Nf1 Qf6 12. N1h2 Nf4 13. Ng4 Qg6 14. Bxf4 exf4 
15. d4 Ne7 16. Nd2 Bd7 17. b4 h5 18. Nh2 Bxh3 19. Qf3 Be6 20. Qxf4 Rae8 
21. Be2 Bb8 22. Qh4 Qh6 23. Nhf1 g6 24. b5 c6 25. bxa6 bxa6 26. a5 f5 
27. Reb1 fxe4 28. Rxb8 g5 29. Qh2 Rxb8 30. Qxd6 Nd5 31. Nxe4 Qg6 32. Nc5 Rbe8 
33. Bxa6 Qf5 34. f3 g4 35. Bd3 Qf7 36. Re1 Nf4 37. Rxe6 Rxe6 38. Nxe6 Qxe6 
39. Qxe6+ Nxe6 40. fxg4 hxg4 41. Ne3 g3 42. Nf5 Nf4 43. Bc4+ Nd5 44. Nxg3 Kg7 
45. Ne4 Re8 46. Bd3 Nf4 47. Bc2 Ra8 48. Ba4 Rxa5 49. Bxc6 Ra2 50. g3 Ne2+ 
51. Kf1 Nxc3 52. Nxc3 Rc2 53. Ne4 Rxc6 54. Ke2 Rc8 55. Kd3 Rd8 56. g4 Kf7 
1/2-1/2

[Event "Sunday 28 January 2nd Tiur 7+2 Rounds 9 Starts 2200 ST"]
[Site "Infinity Chess"]
[Date "2018.1.28"]
[Round "3"]
[White "KULLANI"]
[Black "Thinker"]
[Result "1/2-1/2"]
[ECO "C50"]
[WhiteElo "2465"]
[BlackElo "2514"]
[WhiteEngine "BrainFish_180124_x64_CTG"]
[BlackEngine "BrainFish_180124_x64_modern_CTG"]
[EventType "Swiss"]
[WhiteTeam ""]
[BlackTeam ""]
[PlyCount "272"]
[TimeControl "420+2"]

1. e4 e5 2. Nf3 Nc6 3. Bc4 Bc5 4. d3 Nf6 5. c3 d6 6. O-O O-O 7. Bg5 h6 8. Bh4 a6 
9. a4 g5 10. Bg3 Ba7 11. Nbd2 Nh7 12. h3 h5 13. Kh1 Kh8 14. b4 g4 15. Nh4 Qg5 
16. b5 Ne7 17. d4 exd4 18. cxd4 Qh6 19. e5 d5 20. Bd3 Bxd4 21. Rc1 c6 
22. Nb3 Ba7 23. bxa6 bxa6 24. Rg1 Rd8 25. Re1 Be6 26. Na5 c5 27. Nb7 Rdc8 
28. Nd6 c4 29. Bc2 Rg8 30. Nhf5 Nxf5 31. Nxf5 Qf8 32. h4 Rb8 33. Qd2 Bc5 
34. Red1 Rb4 35. Kh2 a5 36. Kh1 Rb2 37. Nd6 Rb4 38. Kh2 Qg7 39. Nf5 Qf8 
40. Kg1 Bb6 41. Rb1 Bc5 42. Qf4 Bb6 43. Qd2 Bc5 44. Qf4 Ba7 45. Kh2 Bb6 
46. Qd2 Ba7 47. Kh1 Bb6 48. Nd6 Bc5 49. Rbc1 Qg7 50. Nf5 Qf8 51. Qc3 Qd8 
52. Nd6 Qf8 53. Nf5 Qc8 54. Nd6 Qf8 55. Rd2 Qg7 56. Nf5 Bxf5 57. Bxf5 d4 
58. Rxd4 Bxd4 59. Qxd4 Nf8 60. Rxc4 Ne6 61. Bxe6 fxe6 62. Rxb4 axb4 63. Qxb4 Ra8 
64. a5 Ra7 65. Qb6 Qe7 66. a6 Rd7 67. Qb8+ Kh7 68. Kh2 Kg7 69. Qb1 Qf7 
70. Qb8 Qe7 71. Qb1 Rc7 72. Qe4 Qa3 73. Qd4 Qe7 74. Qe4 Ra7 75. Qd3 Qf7 
76. Qf1 Rc7 77. Qa1 Ra7 78. Qf1 Qd7 79. Qc4 Qd5 80. Qe2 Qd4 81. Qb5 Qd7 
82. Qb6 Qf7 83. Qd6 Qe7 84. Qc6 Qd7 85. Qb6 Qf7 86. Qa5 Qf5 87. Qb5 Qf7 
88. Qb6 Rc7 89. Qa5 Rd7 90. Qa2 Ra7 91. Qa4 Qf5 92. Qc4 Kf7 93. Kg1 Qb1+ 
94. Kh2 Qf5 95. Qb5 Kg7 96. Qc6 Qd3 97. Qxe6 Qg6 98. Qc4 Rxa6 99. Qd4 Re6 
100. Bf4 Qf5 101. Qa7+ Kg8 102. Bg3 Qf7 103. Qa8+ Kg7 104. Qd5 Rb6 105. Qe4 Ra6 
106. Bf4 Re6 107. Qd4 Qf5 108. Qd2 Kg6 109. Bg3 Qf7 110. Qd3+ Qf5 111. Qe3 Re8 
112. Qc1 Rc8 113. Qd2 Re8 114. Qe3 Kh7 115. Qa7+ Kg6 116. Qe3 Kh7 117. Qa7+ Kg6 
118. Qb7 Qf7 119. Qc6+ Re6 120. Qe4+ Qf5 121. Qa8 Kh6 122. Qg8 Ra6 123. Qh8+ Kg6 
124. Qg8+ Kh6 125. Qd5 Kg6 126. Qc4 Qe6 127. Qf4 Qf5 128. Qc4 Ra7 129. Qc6+ Kh7 
130. Qe8 Rg7 131. Qc6 Rf7 132. Qe8 Rf8 133. Qa4 Rf7 134. Qe8 Ra7 135. Qc6 Rf7 
136. Qd6 Rd7 1/2-1/2

[Event "Sunday 28 January 2nd Tiur 7+2 Rounds 9 Starts 2200 ST"]
[Site "Infinity Chess"]
[Date "2018.1.28"]
[Round "3"]
[White "BraveDevil"]
[Black "incredible"]
[Result "1/2-1/2"]
[ECO "C24"]
[WhiteElo "2449"]
[BlackElo "2477"]
[WhiteEngine "Cryptic AIL V2"]
[BlackEngine "stockfish_18012814_x64_bmi2"]
[EventType "Swiss"]
[WhiteTeam ""]
[BlackTeam ""]
[PlyCount "131"]
[TimeControl "420+2"]

1. e4 e5 2. Bc4 Nf6 3. d3 c6 4. Bb3 Bc5 5. Nf3 d6 6. O-O Bg4 7. h3 Bh5 8. g4 Bg6 
9. Kg2 a5 10. a3 O-O 11. Nh4 Nbd7 12. Ba2 d5 13. Nxg6 hxg6 14. Nc3 dxe4 
15. g5 Nh5 16. Nxe4 Bb6 17. Qg4 Bc7 18. h4 Kh8 19. Be3 Qe8 20. Kh2 f5 
21. gxf6 Ndxf6 22. Qe6 Nd5 23. Qxe8 Raxe8 24. Rae1 Rf3 25. Kg2 Rf5 26. Rg1 Nhf4+ 
27. Kh1 a4 28. Rg4 Ref8 29. Bc5 Ra8 30. Ng5 b5 31. f3 Rc8 32. d4 exd4 
33. Bxd4 Bb8 34. Bxd5 Rxd5 35. Bc3 Rd7 36. Ne6 Nd5 37. Be5 Kh7 38. Bxb8 Rxb8 
39. c3 Nf6 40. Rd4 Rxd4 41. Nxd4 c5 42. Ne6 Re8 43. Kg1 Kh6 44. Kf2 Nd7 
45. Rd1 Ne5 46. Nc7 Rf8 47. Rd5 Rf5 48. Ke2 Nc4 49. Rd8 g5 50. Rh8+ Kg6 
51. h5+ Kf6 52. Rf8+ Ke5 53. Rxf5+ Kxf5 54. Nxb5 Nxb2 55. Nc7 Kf6 56. Na6 Ke6 
57. Nxc5+ Kf5 58. Kd2 Nc4+ 59. Kd3 Nxa3 60. c4 g4 61. fxg4+ Kxg4 62. Ne6 Kxh5 
63. Nxg7+ Kg4 64. Kc3 Nb1+ 65. Kc2 Na3+ 66. Kd3 1/2-1/2

[Event "Sunday 28 January 2nd Tiur 7+2 Rounds 9 Starts 2200 ST"]
[Site "Infinity Chess"]
[Date "2018.1.28"]
[Round "3"]
[White "KhalidOmar"]
[Black "MarioDeMonti"]
[Result "1/2-1/2"]
[ECO "A46"]
[WhiteElo "2562"]
[BlackElo "2513"]
[WhiteEngine "Eman 1.68c 64-bit BMI2"]
[BlackEngine "stockfish_x64_bmi2_2018_01_13_CTG"]
[EventType "Swiss"]
[WhiteTeam ""]
[BlackTeam ""]
[PlyCount "142"]
[TimeControl "420+2"]

1. d4 Nf6 2. Nf3 d5 3. c4 e6 4. Nc3 c6 5. e3 Nbd7 6. Qc2 Bd6 7. Bd3 O-O 
8. O-O dxc4 9. Bxc4 a6 10. Rd1 b5 11. Bd3 Qc7 12. Bd2 c5 13. Ne4 c4 
14. Nxd6 Qxd6 15. Be2 Bb7 16. b3 Bd5 17. Be1 Rfc8 18. Qb2 Ne4 19. Rac1 f6 
20. Ba5 f5 21. Ne1 Nef6 22. Nf3 Ne4 23. Ne1 Nef6 24. bxc4 bxc4 25. f3 Rab8 
26. Qc3 g5 27. Nc2 Qe7 28. Qa3 Qg7 29. Nb4 g4 30. Nxd5 exd5 31. Rf1 Qf8 
32. Qxf8+ Rxf8 33. Bd1 gxf3 34. gxf3 Rfe8 35. Re1 Rb2 36. Rc2 Rb1 37. Bc7 Nb8 
38. Rce2 Nc6 39. Kf1 Rb7 40. Bg3 Kf7 41. Ba4 Re6 42. Bc2 Ne7 43. a3 Reb6 
44. Be5 Rc6 45. Kf2 Rcb6 46. Rg1 a5 47. Rge1 Nd7 48. Bf4 Nf6 49. Bg3 Nh5 
50. Be5 Rb2 51. a4 Ng7 52. e4 Nh5 53. Kf1 Nf6 54. h4 R7b6 55. Bc7 Re6 
56. Bxa5 dxe4 57. fxe4 Nxe4 58. Bxe4 Rxe2 59. Rxe2 fxe4 60. Bd2 Ke8 61. Bg5 Nd5 
62. Rb2 Kd7 63. Rb7+ Kc6 64. Rxh7 e3 65. Rh6 Rxh6 66. Bxh6 c3 67. Ke2 c2 
68. Bxe3 Nxe3 69. Kd2 c1=Q+ 70. Kxc1 Nf5 71. h5 Kd5 1/2-1/2

[Event "Sunday 28 January 2nd Tiur 7+2 Rounds 9 Starts 2200 ST"]
[Site "Infinity Chess"]
[Date "2018.1.28"]
[Round "2"]
[White "IronMan"]
[Black "koalachess"]
[Result "1-0"]
[ECO "C00"]
[WhiteElo "2450"]
[BlackElo "2307"]
[WhiteEngine "Eman 1.67a 64-bit BMI2"]
[BlackEngine "asmFishW_2017-11-19_popcnt_CTG"]
[EventType "Swiss"]
[WhiteTeam ""]
[BlackTeam ""]
[PlyCount "73"]
[TimeControl "420+2"]

1. e4 e6 2. Nc3 d5 3. d4 Nf6 4. Bg5 Be7 5. e5 Nfd7 6. h4 h6 7. Bxe7 Qxe7 
8. Qd2 a6 9. Nce2 c5 10. c3 Nc6 11. Nf3 b5 12. Nf4 Bb7 13. Be2 b4 14. Nh5 O-O 
15. Rh3 Kh7 16. Nxg7 f5 17. Nh5 a5 18. Ng5+ hxg5 19. Nf6+ Nxf6 20. exf6 Rxf6 
21. hxg5+ Kg8 22. gxf6 Qxf6 23. O-O-O cxd4 24. Rdh1 dxc3 25. Qf4 Ne7 
26. Rg3+ Kf7 27. Rh7+ Kf8 28. Rh6 cxb2+ 29. Kb1 Ke8 30. Rxf6 Kd7 31. Qe5 Re8 
32. Rxe6 Kc8 33. Rxe7 Rxe7 34. Rg8+ Re8 35. Rxe8+ Kd7 36. Bb5+ Bc6 37. Qe7# 1-0

[Event "Sunday 28 January 2nd Tiur 7+2 Rounds 9 Starts 2200 ST"]
[Site "Infinity Chess"]
[Date "2018.1.28"]
[Round "2"]
[White "ludimilojko"]
[Black "BraveDevil"]
[Result "0-1"]
[ECO "D15"]
[WhiteElo "2381"]
[BlackElo "2435"]
[WhiteEngine "corchess_x64_CTG"]
[BlackEngine "Cryptic AIL V2"]
[EventType "Swiss"]
[WhiteTeam ""]
[BlackTeam ""]
[PlyCount "134"]
[TimeControl "420+2"]

1. d4 d5 2. c4 c6 3. Nf3 Nf6 4. Nc3 e6 5. e3 Nbd7 6. Qc2 Bd6 7. Bd3 O-O 
8. O-O dxc4 9. Bxc4 a6 10. Rd1 b5 11. Bd3 Bb7 12. Ng5 h6 13. Nge4 Bc7 14. a3 Nd5 
15. b4 a5 16. Nc5 Nxc5 17. bxc5 Ne7 18. Bf1 Nd5 19. Rb1 f5 20. Bd2 Qf6 
21. g3 Rad8 22. Re1 Bc8 23. Bg2 Rf7 24. f4 g5 25. Rbd1 gxf4 26. Nxd5 exd5 
27. exf4 Bd7 28. Kf2 Re8 29. Rxe8+ Bxe8 30. Re1 Qxd4+ 31. Be3 Qg7 32. Bc1 Qf8 
33. Bf3 Bd8 34. Bb2 Re7 35. Be5 Re6 36. Qc3 Kh7 37. Bg7 Qg8 38. Be5 a4 
39. Qd3 Bg6 40. Qd2 Qf7 41. Kg1 Be7 42. Qc3 Bh5 43. Bxh5 Qxh5 44. Kg2 Kg8 
45. Re3 Qg6 46. Rd3 Kf7 47. Qa5 Bxc5 48. Rc3 Be7 49. Qb6 Kf8 50. h3 Qe8 
51. Kf1 Qd7 52. Qb8+ Bd8 53. g4 Kf7 54. Rc2 fxg4 55. hxg4 d4 56. Rd2 d3 
57. f5 Re7 58. Qd6 Qxd6 59. Bxd6 Rd7 60. Bf4 Be7 61. Ra2 Rd4 62. Bxh6 Rxg4 
63. Be3 c5 64. Rh2 c4 65. Kf2 Rh4 66. Rg2 c3 67. Kg3 Rc4 0-1

[Event "Sunday 28 January 2nd Tiur 7+2 Rounds 9 Starts 2200 ST"]
[Site "Infinity Chess"]
[Date "2018.1.28"]
[Round "2"]
[White "Tiger"]
[Black "Dovahkiin"]
[Result "1/2-1/2"]
[ECO "C53"]
[WhiteElo "2440"]
[BlackElo "2449"]
[WhiteEngine "BrainFish_180124_x64_bmi2"]
[BlackEngine "BrainFish_180113_x64_modern_CTG"]
[EventType "Swiss"]
[WhiteTeam ""]
[BlackTeam ""]
[PlyCount "119"]
[TimeControl "420+2"]

1. e4 e5 2. Nf3 Nc6 3. Bc4 Bc5 4. c3 Nf6 5. d4 exd4 6. e5 d5 7. Bb5 Ne4 
8. cxd4 Bb6 9. O-O O-O 10. h3 f6 11. Nc3 fxe5 12. Bxc6 bxc6 13. Nxe4 dxe4 
14. Qb3+ Qd5 15. Nxe5 Bxd4 16. Nxc6 Qxb3 17. axb3 Bf6 18. Ra5 Bb7 19. Rc5 Rf7 
20. b4 Rd7 21. Ne5 Rd4 22. Ng4 Bd8 23. Bf4 Rxb4 24. Rd1 Ba6 25. Bxc7 Bd3 
26. Bxd8 Rxd8 27. Rd2 Re8 28. Ne5 Rb3 29. f3 a6 30. Nxd3 Rxd3 31. Re2 Rd1+ 
32. Kh2 Rd4 33. Rc3 a5 34. b3 Re5 35. Ree3 h5 36. Rxe4 Rexe4 37. fxe4 h4 
38. g3 Rxe4 39. gxh4 Rxh4 40. Rc8+ Kh7 41. Kg3 Rb4 42. Rc3 Rb5 43. h4 Rb4 
44. Rf3 Kg6 45. Rc3 Kh7 46. h5 Kh6 47. Kf3 Rb5 48. Kg4 Rg5+ 49. Kf3 Kxh5 
50. Rc7 Kh4 51. Kf2 Kh3 52. Kf3 Rf5+ 53. Ke4 g6 54. Rc6 Rg5 55. Kf3 Rg3+ 
56. Kf2 Rg5 57. Kf3 Rg4 58. Ra6 Rg3+ 59. Kf2 Kh4 60. Rxa5 1/2-1/2

[Event "Sunday 28 January 2nd Tiur 7+2 Rounds 9 Starts 2200 ST"]
[Site "Infinity Chess"]
[Date "2018.1.28"]
[Round "2"]
[White "star99"]
[Black "KULLANI"]
[Result "1/2-1/2"]
[ECO "D31"]
[WhiteElo "2458"]
[BlackElo "2465"]
[WhiteEngine "Cryptic AIL V2"]
[BlackEngine "BrainFish_180124_x64_CTG"]
[EventType "Swiss"]
[WhiteTeam ""]
[BlackTeam ""]
[PlyCount "119"]
[TimeControl "420+2"]

1. d4 d5 2. c4 e6 3. Nc3 c6 4. e3 Nf6 5. Nf3 Nbd7 6. Qc2 Bd6 7. Bd3 dxc4 
8. Bxc4 O-O 9. O-O b5 10. Bd3 Bb7 11. e4 e5 12. dxe5 Nxe5 13. Nxe5 Bxe5 
14. h3 Re8 15. Be3 a6 16. a4 Qe7 17. Ne2 Bd6 18. Rfd1 Rac8 19. Nd4 g6 
20. Nf3 Nd7 21. Rac1 Red8 22. Bg5 f6 23. Bh6 Ne5 24. Nxe5 Bxe5 25. Be3 Kg7 
26. Bb6 Bc7 27. Be3 Bd6 28. b3 Ba3 29. Rb1 Bd6 30. Be2 c5 31. Bf3 h5 
32. axb5 axb5 33. h4 c4 34. bxc4 Rxc4 35. Qe2 Bxe4 36. Bxe4 Rxe4 37. Rxb5 Rxh4 
38. g3 Re4 39. Qf3 Qe8 40. Rb7+ Re7 41. Bb6 Rb8 42. Rxe7+ Bxe7 43. Bc7 Rc8 
44. Qb7 Kf8 45. Kh2 Kf7 46. Qd5+ Kg7 47. Qb7 Kf8 48. Kg1 g5 49. Kh2 Kf7 
50. Rd2 Kf8 51. Rd1 Kf7 52. Qe4 Rxc7 53. Qh7+ Kf8 54. Qh8+ Kf7 55. Qxh5+ Kf8 
56. Qh8+ Kf7 57. Qh7+ Kf8 58. Qh8+ Kf7 59. Qh7+ Kf8 60. Qh8+ 1/2-1/2

[Event "Sunday 28 January 2nd Tiur 7+2 Rounds 9 Starts 2200 ST"]
[Site "Infinity Chess"]
[Date "2018.1.28"]
[Round "2"]
[White "incredible"]
[Black "SkyPilot"]
[Result "1-0"]
[ECO "D15"]
[WhiteElo "2460"]
[BlackElo "2488"]
[WhiteEngine "stockfish_18012814_x64_bmi2"]
[BlackEngine "stockfish_x64_bmi2_2018_01_13_CTG"]
[EventType "Swiss"]
[WhiteTeam ""]
[BlackTeam ""]
[PlyCount "105"]
[TimeControl "420+2"]

1. d4 d5 2. c4 c6 3. Nf3 Nf6 4. Nc3 e6 5. Bg5 h6 6. Bxf6 Qxf6 7. e3 Nd7 
8. Bd3 dxc4 9. Bxc4 g6 10. O-O Bg7 11. e4 e5 12. d5 Nb6 13. Nd2 O-O 14. Bb3 h5 
15. Qe2 Bg4 16. f3 Bc8 17. a4 Rd8 18. a5 Nd7 19. Kh1 Bh6 20. Nc4 Nc5 21. Ba2 Bd7 
22. Rab1 cxd5 23. exd5 b5 24. b4 Na4 25. Ne4 Qg7 26. Nb2 Kh7 27. d6 Rac8 
28. Nxa4 bxa4 29. Bd5 a3 30. Qa2 Bb5 31. Bxf7 Rf8 32. d7 Bxd7 33. Be6 Bxe6 
34. Qxe6 Qc7 35. Rfd1 Rfd8 36. Rf1 Rf8 37. Qb3 Bc1 38. Nc5 Bb2 39. Ne6 Qe7 
40. Nxf8+ Rxf8 41. Rfe1 Rf4 42. Re4 a6 43. Rxf4 exf4 44. b5 axb5 45. Rd1 b4 
46. a6 Bd4 47. Qd5 Ba7 48. h3 Kh6 49. Qc4 Be3 50. Kh2 Bc5 51. Qxf4+ g5 
52. Qc4 Kg7 53. Qd5 1-0

[Event "Sunday 28 January 2nd Tiur 7+2 Rounds 9 Starts 2200 ST"]
[Site "Infinity Chess"]
[Date "2018.1.28"]
[Round "2"]
[White "MarioDeMonti"]
[Black "Eman"]
[Result "1-0"]
[ECO "D30"]
[WhiteElo "2497"]
[BlackElo "2501"]
[WhiteEngine "stockfish_x64_bmi2_2018_01_13_CTG"]
[BlackEngine "Eman 1.68c 64-bit POPCNT"]
[EventType "Swiss"]
[WhiteTeam ""]
[BlackTeam ""]
[PlyCount "185"]
[TimeControl "420+2"]

1. d4 d5 2. c4 e6 3. Nf3 Nf6 4. Nc3 c6 5. Bg5 h6 6. Bh4 dxc4 7. e4 g5 8. Bg3 b5 
9. Be2 Bb7 10. h4 g4 11. Ne5 Nbd7 12. Nxd7 Qxd7 13. Be5 Qe7 14. O-O Rg8 
15. b3 Rd8 16. Qc2 Nd7 17. Bg3 b4 18. Na4 c3 19. a3 a5 20. e5 Rg7 21. Rfd1 h5 
22. Bd3 Rg8 23. Qc1 Ra8 24. Qe3 Rb8 25. Be4 bxa3 26. Nxc3 Qb4 27. Qc1 Be7 
28. Bd3 Rc8 29. Nb1 c5 30. Nxa3 cxd4 31. Qh6 Nc5 32. Bb5+ Kd8 33. Qxh5 Rf8 
34. Nc2 Qxb5 35. Nxd4 Qd7 36. Nxe6+ Nxe6 37. Rxd7+ Kxd7 38. Rxa5 Ke8 39. Ra7 Rc7 
40. Ra4 Rc3 41. Rxg4 Bc6 42. b4 Bb5 43. Qh6 Rd3 44. f3 Rd1+ 45. Kh2 Rd5 
46. Qe3 Bd7 47. Bf2 Bd8 48. Rc4 Rh8 49. g3 Ng7 50. Rc2 Nf5 51. Qb3 Ne7 
52. Bc5 Be6 53. Qa4+ Kf8 54. b5 Kg7 55. b6 Rxc5 56. Rxc5 Bxb6 57. Rb5 Bc7 
58. Qb4 Ng6 59. f4 Bd8 60. Rb8 Be7 61. Qb6 Rh6 62. Kg1 Bf5 63. Qa7 Bxh4 
64. Rb7 Be7 65. Rxe7 Nxe7 66. Qxe7 Bh3 67. Kf2 Bg4 68. f5 Rh5 69. e6 Rxf5+ 
70. Kg1 Bh5 71. Qd7 Ra5 72. e7 Ra1+ 73. Kg2 Ra2+ 74. Kh3 Ra1 75. Qd4+ f6 
76. e8=N+ Kf8 77. Qxf6+ Bf7 78. Qxa1 Be6+ 79. g4 Kxe8 80. Qg7 Kd8 81. Kh4 Bd7 
82. Qf6+ Kc8 83. g5 Be8 84. Qd6 Ba4 85. g6 Bb3 86. g7 Ba2 87. Qa6+ Kc7 
88. Qa7+ Kd6 89. Qxa2 Kc5 90. g8=Q Kb6 91. Qb8+ Kc5 92. Qd2 Kc6 93. Qdd6# 1-0

[Event "Sunday 28 January 2nd Tiur 7+2 Rounds 9 Starts 2200 ST"]
[Site "Infinity Chess"]
[Date "2018.1.28"]
[Round "2"]
[White "Thinker"]
[Black "RonWeasley"]
[Result "1/2-1/2"]
[ECO "C11"]
[WhiteElo "2514"]
[BlackElo "2523"]
[WhiteEngine "BrainFish_180124_x64_modern_CTG"]
[BlackEngine "BrainFish 060118_CTG"]
[EventType "Swiss"]
[WhiteTeam ""]
[BlackTeam ""]
[PlyCount "140"]
[TimeControl "420+2"]

1. e4 e6 2. d4 d5 3. Nc3 Nf6 4. e5 Nfd7 5. f4 c5 6. Nf3 Nc6 7. Be3 cxd4 
8. Nxd4 Qb6 9. Qd2 Qxb2 10. Rb1 Qa3 11. Bb5 Nxd4 12. Bxd4 a6 13. Bxd7+ Bxd7 
14. Rb3 Qe7 15. Rxb7 Rc8 16. O-O Qd8 17. Qf2 Rxc3 18. Bxc3 Qc8 19. Rb3 Ba4 
20. Bd4 Bxb3 21. axb3 Be7 22. c3 O-O 23. b4 Qc6 24. h3 Bd8 25. f5 f6 
26. fxe6 Qxe6 27. exf6 Bxf6 28. Ra1 Bxd4 29. Qxd4 Rc8 30. Rf1 Re8 31. Rf3 Qe1+ 
32. Kh2 Qe4 33. Qd3 Qxd3 34. Rxd3 Rc8 35. g3 Kf8 36. Kg2 Ke7 37. Rxd5 Rxc3 
38. Kf2 Rc2+ 39. Kf3 Ke6 40. Ra5 Rc3+ 41. Kg4 Rc4+ 42. Kf3 Rc6 43. g4 Rc3+ 
44. Kg2 Rc2+ 45. Kf1 g6 46. Rxa6+ Ke5 47. b5 Rb2 48. b6 Kf4 49. Ke1 g5 
50. Kd1 Kg3 51. Kc1 Rb5 52. Kc2 Kxh3 53. Kc3 Kxg4 54. Kc4 Rb2 55. Ra4 Kf5 
56. Ra5+ Kg4 57. Rb5 Rc2+ 58. Kd4 Rc8 59. b7 Rb8 60. Kc5 h5 61. Rb4+ Kg3 
62. Rb3+ Kf4 63. Rb4+ Kg3 64. Kc6 h4 65. Rb3+ Kf4 66. Rb4+ Kg3 67. Kc7 Rxb7+ 
68. Rxb7 h3 69. Rb1 h2 70. Rb3+ Kf2 1/2-1/2

[Event "Sunday 28 January 2nd Tiur 7+2 Rounds 9 Starts 2200 ST"]
[Site "Infinity Chess"]
[Date "2018.1.28"]
[Round "2"]
[White "MCDermont"]
[Black "KhalidOmar"]
[Result "1/2-1/2"]
[ECO "A13"]
[WhiteElo "2542"]
[BlackElo "2563"]
[WhiteEngine "BrainFish 060118_CTG"]
[BlackEngine "Eman 1.68c 64-bit BMI2"]
[EventType "Swiss"]
[WhiteTeam ""]
[BlackTeam ""]
[PlyCount "123"]
[TimeControl "420+2"]

1. c4 e6 2. b3 c5 3. e3 Nf6 4. Nf3 Be7 5. Nc3 O-O 6. Bb2 Nc6 7. d4 cxd4 
8. Nxd4 d5 9. Nxc6 bxc6 10. Bd3 Ba6 11. O-O dxc4 12. bxc4 Rb8 13. Rb1 Qa5 
14. Qc2 g6 15. Ne2 c5 16. Nc3 Rb7 17. Ne4 Nd7 18. Ba1 Qc7 19. Be2 Rb4 
20. Rbd1 Bb7 21. f4 Rb6 22. Qc3 e5 23. Nf2 Bf6 24. Qd2 Bc6 25. Bf3 Ba4 
26. Ne4 Bg7 27. Rde1 Bc6 28. Nc3 Re8 29. Bxc6 Qxc6 30. f5 Rb4 31. fxg6 hxg6 
32. Qf2 f5 33. e4 Rxc4 34. a4 Qe6 35. Nd5 Qc6 36. a5 Bh6 37. Qa2 Ra4 38. Qb3 c4 
39. Qh3 Bg7 40. Qh4 f4 41. Ne7+ Rxe7 42. Qxe7 Qc5+ 43. Qxc5 Nxc5 44. Bc3 Nb3 
45. Re2 Nd4 46. Rb2 Bf8 47. g3 Ra3 48. Bxd4 exd4 49. Rb8 Kg7 50. Rxf4 Bd6 
51. Rb7+ Kh6 52. Rh4+ Kg5 53. Rb5+ Kf6 54. e5+ Bxe5 55. Re4 d3 56. Rbxe5 d2 
57. Rd5 c3 58. Rd6+ Kg7 59. Rc4 Rxa5 60. Rxc3 Ra1+ 61. Kf2 d1=Q 62. Rxd1 1/2-1/2

[Event "Sunday 28 January 2nd Tiur 7+2 Rounds 9 Starts 2200 ST"]
[Site "Infinity Chess"]
[Date "2018.1.28"]
[Round "1"]
[White "koalachess"]
[Black "incredible"]
[Result "1/2-1/2 "]
[ECO "C00"]
[WhiteElo "2300"]
[BlackElo "2467"]
[WhiteEngine "asmFishW_2017-11-19_popcnt_CTG"]
[BlackEngine "stockfish_18012814_x64_bmi2"]
[EventType "Swiss"]
[WhiteTeam ""]
[BlackTeam ""]
[PlyCount "120"]
[TimeControl "420+2"]

1. e4 e6 2. d4 Nc6 3. Nf3 Nf6 4. e5 Nd5 5. c4 Nb6 6. Nc3 d6 7. exd6 cxd6 
8. Be3 Be7 9. Be2 O-O 10. O-O h6 11. Rc1 Bd7 12. d5 exd5 13. cxd5 Ne5 
14. Nxe5 dxe5 15. d6 Bg5 16. Bxg5 Qxg5 17. Bf3 Rad8 18. Re1 Qg6 19. Rxe5 Nc4 
20. Re2 Nxd6 21. Nd5 Nf5 22. Be4 Bb5 23. Rd2 Rde8 24. Qc2 Qe6 25. Re1 Bc6 
26. Ree2 Bxd5 27. Rxd5 g6 28. g3 Re7 29. Bf3 Qf6 30. Rxe7 Nxe7 31. Rd3 Nc6 
32. Bxc6 Rc8 33. Rd7 Rxc6 34. Qe4 Rc5 35. Rxb7 Re5 36. Qc4 Qf3 37. Qc8+ Kg7 
38. Qc3 Qxc3 39. bxc3 Ra5 40. Rb2 Kf6 41. Kf1 Ke5 42. Ke2 Kd5 43. Kd3 f6 
44. h3 h5 45. h4 Ra3 46. f3 Ra4 47. Rh2 Ra6 48. Rb2 Ra4 49. Rd2 Ke6 50. Re2+ Kd5 
51. f4 Ra6 52. Re8 Rxa2 53. Rg8 Rg2 54. c4+ Kc5 55. Rxg6 a5 56. Rxf6 Rxg3+ 
57. Ke4 Kxc4 58. Ra6 Kb5 59. Ra8 Rg4 60. Ke5 Rxh4 1/2-1/2

[Event "Sunday 28 January 2nd Tiur 7+2 Rounds 9 Starts 2200 ST"]
[Site "Infinity Chess"]
[Date "2018.1.28"]
[Round "1"]
[White "SkyPilot"]
[Black "ludimilojko"]
[Result "1/2-1/2"]
[ECO "C50"]
[WhiteElo "2493"]
[BlackElo "2376"]
[WhiteEngine "stockfish_x64_bmi2_2018_01_13_CTG"]
[BlackEngine "corchess_x64_CTG"]
[EventType "Swiss"]
[WhiteTeam ""]
[BlackTeam ""]
[PlyCount "101"]
[TimeControl "420+2"]

1. e4 e5 2. Nf3 Nc6 3. Bc4 Bc5 4. O-O Nf6 5. d3 d6 6. c3 O-O 7. Bg5 h6 8. Bh4 a6 
9. Nbd2 Ba7 10. Bb3 g5 11. Bg3 Na5 12. Ba4 Nh5 13. b4 Nxg3 14. hxg3 Nc6 
15. Bxc6 bxc6 16. Nb3 Re8 17. Qd2 Rb8 18. Rfe1 Bd7 19. Rad1 Qe7 20. Rb1 Qf6 
21. Rbc1 Qg6 22. Nh2 Be6 23. c4 g4 24. Rc2 Qg5 25. Qc3 h5 26. Nf1 Red8 
27. c5 dxc5 28. bxc5 Rb5 29. Nfd2 Rdb8 30. d4 exd4 31. Qxd4 Rb4 32. Qc3 R8b5 
33. Nd4 Qxc5 34. Nxb5 Qxf2+ 35. Kh2 axb5 36. Rf1 Qd4 37. Qxc6 Qd8 38. Qxc7 Qxc7 
39. Rxc7 Ra4 40. Nb3 h4 41. Nc5 hxg3+ 42. Kxg3 Bb8 43. Nxe6 fxe6 44. Rff7 Bxc7+ 
45. Rxc7 Rxe4 46. Rb7 b4 47. Kh4 Re2 48. Rxb4 Kf7 49. Kxg4 Rxg2+ 50. Kf4 Rxa2 
51. Kf3 1/2-1/2